Map: King Sejong Station LE

Players

HeroMarine - Winner!

  • Race: Terran Terran

TRUE

  • Race: Zerg Zerg

Event: 2016 WCS Summer Circuit Championship (DH Montreal)

VOD

Have the link to the VOD?

Description

Time

  • Played on: Aug. 14, 2016, 12:06 p.m.
  • Length: 8:56

All games in this series

Show
View Real Time Build Order
Export as new Build Order

HeroMarine Terran - Winner!

Build Orders: Reaper Expand, MMM Bio 

Get SALT Encoding   

  12  0:01  SCV  
  13  0:13  SCV  
  14  0:17  Supply Depot  
  14  0:25  SCV  
  15  0:39  SCV  
  15  0:40  Barracks  
  16  0:44  Refinery  
  16  0:51  SCV  
  17  1:03  SCV  
  18  1:15  SCV  
  19  1:27  Reaper  
  19  1:28  Orbital Command  
  20  1:40  Command Center  
  20  1:50  Barracks  
  20  1:54  SCV  
  20  1:59  Barracks Reactor  
  21  2:03  Supply Depot  
  21  2:07  SCV  
  22  2:19  SCV  
  22  2:22  Factory  
  23  2:26  Refinery  
  23  2:31  SCV  
  23  2:36  Barracks Tech Lab  
  24  2:37  Marine x2  
  24  2:44  SCV  
  27  2:53  Orbital Command  
  27  2:55  Marine x2  
  27  2:56  SCV  
  30  2:59  Marine  
  30  3:03  Stimpack  
  31  3:08  SCV  
  32  3:12  Marine  
  32  3:13  Marine  
  32  3:17  Marine  
  32  3:19  SCV  
  36  3:20  SCV  
  36  3:25  Starport  
  37  3:29  Factory Reactor  
  37  3:33  Marine, SCV x2  
  40  3:35  Marine  
  40  3:39  Supply Depot  
  41  3:44  Marine  
  41  3:45  SCV x2  
  44  3:51  Marine  
  44  3:52  Marine  
  46  3:57  Supply Depot  
  46  4:01  SCV x2  
  46  4:02  Marine  
  49  4:08  Medivac  
  49  4:09  Medivac, Marine  
  54  4:16  Supply Depot  
  54  4:18  Marine, SCV x2  
  54  4:20  Marine  
  58  4:27  Marine  
  58  4:28  Widow Mine  
  58  4:30  SCV x2  
  62  4:37  Marine  
  62  4:38  Supply Depot, Marine  
  64  4:43  Refinery  
  64  4:45  Engineering Bay  
  64  4:47  Marine  
  64  4:48  Medivac  
  64  4:51  Barracks  
  67  4:54  Supply Depot  
  67  4:55  Supply Depot, Marine  
  67  4:56  Marine  
  67  4:58  Factory Reactor  
  69  5:06  Medivac, Marine  
  72  5:13  Marine  
  72  5:14  Barracks x2  
  73  5:20  Marauder  
  74  5:24  Marine  
  74  5:25  Terran Infantry Weapons Level 1  
  75  5:29  Supply Depot, SCV x2  
  75  5:30  Marine  
  78  5:40  Factory Reactor, Combat Shields  
  78  5:41  Marine  
  79  5:49  Supply Depot  
  79  5:53  Marine x3  
  81  5:58  Marine  
  81  5:59  Marauder  
  81  6:03  Supply Depot, Barracks Reactor  
  84  6:04  Barracks Reactor  
  84  6:11  Marine x3  
  84  6:17  Marine  
  82  6:20  Marauder  
  82  6:21  Widow Mine x2  
  82  6:23  Medivac  
  82  6:24  Supply Depot  
  90  6:29  Marine x2  
  92  6:33  Marine  
  92  6:34  Medivac  
  92  6:35  Marine  
  96  6:41  Marine x2  
  96  6:42  Marauder  
  96  6:45  Marine x2  
  96  6:47  Marine x2  
  102  6:49  Supply Depot  
  102  6:51  Marine  
  102  6:53  Marine  
  106  6:58  Widow Mine  
  106  6:59  Widow Mine, Marine x2  
  112  7:03  Marine x3  
  112  7:04  Marine  
  116  7:11  Supply Depot  
  116  7:14  Marine x3  
  108  7:23  SCV  
  108  7:24  SCV  
  108  7:26  Marine  
  108  7:28  Marine x3  
  114  7:35  Marauder  
  110  7:47  Marine  
  110  7:48  Marine x2  
  94  7:54  Marine x3  
  94  7:57  Marauder  
  94  7:58  Medivac x2  
  87  8:06  Marine  
  87  8:07  Marine x2  
  87  8:10  SCV x2  
  89  8:13  Marine x2  
  88  8:26  Marine x2  
  85  8:33  Marine x2  
  91  8:38  Marine  
Show
View Real Time Build Order
Export as new Build Order

TRUE Zerg 

Build Orders: Hatch First 

Get SALT Encoding   

  12  0:00  Drone  
  13  0:12  Overlord  
  13  0:17  Drone  
  14  0:31  Drone x2  
  14  0:34  Drone  
  17  0:52  Hatchery  
  17  0:54  Drone  
  17  1:08  Spawning Pool  
  17  1:10  Extractor  
  15  1:13  Drone  
  15  1:16  Drone  
  17  1:20  Drone  
  18  1:28  Drone  
  19  1:38  Overlord  
  19  1:54  Queen  
  19  1:56  Zergling x2  
  19  2:00  Zergling x2  
  23  2:03  Queen  
  23  2:04  Zergling x2  
  26  2:11  Metabolic Boost, Drone  
  26  2:14  Drone  
  28  2:21  Drone  
  29  2:25  Drone  
  30  2:31  Queen  
  30  2:35  Drone  
  33  2:38  Drone  
  33  2:44  Overlord  
  34  2:49  Pneumatized Carapace  
  34  2:51  Drone  
  34  2:53  Drone  
  36  3:03  Drone x2  
  36  3:05  Drone x2  
  40  3:07  Overlord  
  40  3:12  Drone x2  
  42  3:14  Drone  
  42  3:17  Drone  
  44  3:26  Drone  
  44  3:27  Drone  
  46  3:36  Hatchery  
  46  3:38  Drone  
  46  3:44  Evolution Chamber  
  46  3:46  Evolution Chamber, Queen  
  46  3:53  Queen  
  46  3:54  Overlord  
  48  4:07  Overlord  
  48  4:10  Zerg Ground Armor Level 1  
  48  4:20  Zerg Melee Weapons Level 1  
  48  4:21  Queen  
  48  4:23  Drone x5  
  55  4:24  Drone x3  
  58  4:32  Queen  
  60  4:41  Zergling x14  
  60  4:42  Zergling x2  
  68  4:50  Queen  
  68  4:51  Overlord  
  70  4:53  Zergling x4  
  70  4:55  Zergling x2  
  70  4:57  Zergling x2  
  74  5:01  Overlord  
  74  5:06  Overlord  
  74  5:12  Overlord  
  73  5:21  Overlord x2  
  73  5:24  Queen x2  
  73  5:27  Zergling x4  
  73  5:28  Zergling x6  
  82  5:31  Queen  
  84  5:36  Drone x5  
  84  5:37  Drone  
  84  5:40  Drone x2  
  92  5:43  Drone x2  
  92  5:46  Drone  
  92  5:47  Drone x2  
  97  5:51  Overlord  
  95  5:57  Zergling x2  
  95  5:58  Zergling x2  
  95  6:00  Baneling Nest  
  95  6:03  Lair  
  96  6:05  Zergling x2  
  96  6:06  Extractor, Zergling x10  
  96  6:19  Overlord  
  96  6:22  Extractor, Drone x5  
  96  6:23  Queen  
  102  6:27  Overlord  
  102  6:37  Zergling x18  
  102  6:39  Zergling x2  
  112  6:46  Baneling  
  112  6:47  Baneling x4  
  112  6:48  Baneling x3  
  112  6:49  Zergling x4  
  112  6:50  Baneling  
  112  6:52  Zergling x2  
  115  6:55  Zergling x4  
  115  6:56  Zergling x2  
  115  6:57  Baneling  
  115  6:58  Baneling, Overlord  
  118  7:01  Extractor  
  118  7:03  Overlord  
  118  7:04  Zergling x2  
  118  7:06  Baneling x2  
  118  7:09  Overseer  
  118  7:11  Overlord  
  118  7:12  Zergling x2  
  118  7:13  Zergling x4  
  121  7:17  Zergling x2  
  121  7:19  Zergling x2  
  121  7:20  Zergling x4  
  119  7:24  Zergling x4  
  119  7:26  Zergling x6  
  124  7:35  Zergling x2  
  119  7:38  Baneling x4  
  119  7:43  Zergling x2  
  110  7:47  Zergling x6  
  110  7:48  Zergling x2  
  110  7:51  Zergling x6  
  98  7:58  Zergling x4  
  90  8:00  Zergling x2  
  90  8:01  Zergling x4  
  76  8:11  Overlord  
  66  8:13  Overlord  
  66  8:14  Baneling  
  66  8:15  Baneling x5, Overlord  
  64  8:20  Overlord  
  64  8:25  Overlord  
  61  8:30  Zergling x2  
  61  8:31  Hatchery, Zergling x2  
  62  8:34  Zergling x2  
  62  8:37  Zergling x4  
  62  8:38  Zergling x2  
  62  8:39  Zergling x2  
  62  8:40  Hatchery  
  59  8:43  Baneling Nest  
  59  8:45  Spawning Pool  
Tags
 
Add a new tag
Caveats
  • Supply blocks, unpowered buildings, or Contaminate may cause inaccurate times.
  • Supply counts are checked every 10 seconds.